 Dungeon Crawl Stone Soup version 0.29-a0-284-gf9362112df (webtiles) character file.

Game seed: 16115347362902126207

603 rabbitsville the Cleaver (level 7, -5/64 HPs)
             Began as a Minotaur Chaos Knight on Mar 16, 2022.
             Was a Plaything of Xom.
             Slain by a gnoll
             ... wielding a +0 halberd
              (6 damage)
             ... on level 4 of the Dungeon.
             The game lasted 00:11:26 (3954 turns).

rabbitsville the Cleaver (Minotaur Chaos Knight)    Turns: 3954, Time: 00:11:26

Health: -5/64      AC:  6    Str: 18    XL:     7   Next: 18%
Magic:  6/6        EV: 11    Int:  9    God:    Xom [.*....]
Gold:   181        SH:  0    Dex: 10    Spells: 6/6 levels left

rFire   + . .      SeeInvis .   a - +0 hand axe (chaos)
rCold   . . .      Faith    .   (no shield)
rNeg    . . .      Spirit   .   b - +2 leather armour
rPois   .          Reflect  .   (helmet restricted)
rElec   .          Harm     .   (no cloak)
rCorr   .          Rampage  .   v - +0 pair of gloves
Will    .....                   (no boots)
Stlth   +.........              (no amulet)
HPRegen 0.20/turn               i - ring of protection from fire
MPRegen 0.10/turn               (no ring)

@: unable to read
A: horns 2, retaliatory headbutt, screaming 1, inability to read while
threatened
a: Renounce Religion


You were on level 4 of the Dungeon.
You worshipped Xom.
You were a plaything of Xom.
You visited 1 branch of the dungeon, and saw 4 of its levels.

You collected 181 gold pieces.

Inventory:

Hand Weapons
 a - a +0 hand axe of chaos (weapon)
Armour
 b - a +2 leather armour (worn)
 v - a +0 pair of gloves (worn)
Jewellery
 i - a ring of protection from fire (left hand)
Scrolls
 f - 3 scrolls of teleportation {unknown}
 g - 2 scrolls of magic mapping {unknown}
 h - a scroll of amnesia {unknown}
 k - a scroll of holy word {unknown}
 m - a scroll of enchant weapon {unknown}
 p - 2 scrolls of fear {unknown}
 q - a scroll of silence {unknown}
 x - a scroll of enchant armour {unknown}
Potions
 d - 2 potions of mutation {unknown}
 e - a potion of invisibility {unknown}
 j - a potion of ambrosia {unknown}
 l - a potion of attraction {unknown}
 n - 2 potions of brilliance {unknown}
 o - a potion of haste {unknown}
 r - a potion of might {unknown}
 s - 2 potions of cancellation {unknown}
 t - a potion of curing {unknown}
 u - a potion of lignification {unknown}
 w - a potion of degeneration {unknown}
Miscellaneous
 c - a piece from Xom's chessboard (15/15) (quivered)


   Skills:
 + Level 6.4 Fighting
 * Level 8.4 Axes
 - Level 2.4 Armour
 - Level 1.1 Dodging


You had 6 spell levels left.
You didn't know any spells.
Your spell library contained the following spells:

 Spells                   Type           Power      Damage    Failure   Level
 Ignite Poison            Fire/Tmut/Pois 0%         N/A       82%         3
 Mephitic Cloud           Conj/Pois/Air  0%         N/A       82%         3
 Freezing Cloud           Conj/Ice/Air   0%         6-21      100%        5


Dungeon Overview and Level Annotations

Branches:
Dungeon (4/15)
 Temple: D:4-7

Altars:
Elyvilon
Hepliaklqana
Makhleb
Ru
Trog
Uskayaw
Zin

Shops:
D:3 =   D:4 *


Innate Abilities, Weirdness & Mutations

You have a pair of horns on your head.
You reflexively headbutt those who attack you in melee.
You occasionally shout uncontrollably at your foes.
You sometimes lose the ability to read scrolls when taking damage.


Message History

a +0 war axe; a +0 leather armour
Found a stone staircase leading down.
Found a stone staircase leading up.
You open the door. 3 gnolls come into view.
You yell at the gnoll!
The gnoll shouts! x3; You hear a shout!
You hear an angry hiss.
A gnoll comes into view. It is wielding a +0 halberd.
There is an open door here.
The gnoll hits you with a +0 halberd! The gnoll completely misses you.
You hit the gnoll.
You feel better.
The gnoll is lightly wounded.
The gnoll hits you but does no damage.
The gnoll hits you from afar with a +0 spear.
You hit the gnoll. You burn the gnoll.
The gnoll is heavily wounded.
The gnoll misses you.
The gnoll hits you from afar with a +0 spear.
You slash the gnoll!
You feel better.
You kill the gnoll!
The gnoll throws a throwing net.
The throwing net hits you.
You become entangled in the net!
The gnoll hits you from afar with a +0 spear!
You feel threatened and lose the ability to read scrolls!
You struggle against the net.
The gnoll hits you from afar with a +0 spear.
You struggle against the net.
The gnoll hits you with a +0 flail!
The gnoll hits you from afar with a +0 spear!
The gnoll closely misses you.
You struggle against the net.
The gnoll hits you with a +0 flail!
* * * LOW HITPOINT WARNING * * *
The gnoll hits you from afar with a +0 spear.
* * * LOW HITPOINT WARNING * * *
The gnoll hits you from afar with a +0 halberd.
* * * LOW HITPOINT WARNING * * *
You shred the net and break free! The gnoll hits you with a +0 flail.
* * * LOW HITPOINT WARNING * * *
The gnoll hits you but does no damage.
The gnoll hits you from afar with a +0 halberd.
You die...

#..##.# ##.##.# .....#
###..#.###########.....#
.................+.....+
#........####.####.....#
#........'......# .....#
#........####.#.# .....#
#........# #.#.##g....#
##### #........#
#.#.@gg....###.....).
.........#
#.####...............
##.......# #.#
###..##........
##.......# #.#
..#........ ########.#
#.# #........ # #.## #.#
#....S... # #..#
#........ # ##.##
#........ #########..##
#........


You could see 3 gnolls.

Vanquished Creatures
  A sky beast (D:3)
  2 phantoms (D:4)
  A scorpion (D:4)
  A howler monkey (D:4)
  An orc priest (D:3)
  An iguana (D:4)
  2 orc wizards (D:4)
  2 gnolls
  3 adders
  2 worms (D:2)
  4 dart slugs
  7 orcs
  7 ball pythons
  5 endoplasms
  3 giant cockroaches
  8 goblins
  13 hobgoblins
  6 jackals
  A quokka (D:3)
  11 bats
  5 frilled lizards
  5 kobolds
  5 rats
96 creatures vanquished.

Vanquished Creatures (collateral kills)
  3 hobgoblins (D:1)
3 creatures vanquished.

Grand Total: 99 creatures vanquished

Notes
Turn   | Place    | Note
-------+----------+-------------------------------------------
     0 | D:1      | rabbitsville the Minotaur Chaos Knight began the quest for
                  | the Orb.
     0 | D:1      | Reached XP level 1. HP: 19/19 MP: 0/0
    67 | D:1      | Reached skill level 4 in Axes
    81 | D:1      | Reached XP level 2. HP: 24/27 MP: 1/1
   319 | D:1      | XOM: cast spell 'Summon Mana Viper'
   331 | D:1      | XOM: smoke on damage
   500 | D:1      | Reached XP level 3. HP: 33/33 MP: 2/2
   564 | D:1      | XOM: silly message
   817 | D:1      | XOM: silly message
   850 | D:2      | Reached skill level 5 in Axes
  1078 | D:2      | XOM: cloud trail
  1136 | D:2      | Reached XP level 4. HP: 40/41 MP: 3/3
  1538 | D:2      | XOM: torment (20/41 hp)
  1834 | D:2      | You fall into a shaft and drop 1 floor!
  1834 | D:3      | Found a hide-covered altar of Uskayaw.
  1836 | D:3      | Found a sacrificial altar of Ru.
  1839 | D:3      | Found a bloodstained altar of Trog.
  1851 | D:3      | Found a glowing silver altar of Zin.
  1852 | D:3      | Found a hazy altar of Hepliaklqana.
  1854 | D:3      | Found a burning altar of Makhleb.
  1964 | D:3      | Noticed a sky beast
  1975 | D:3      | Killed a sky beast
  1976 | D:3      | Reached skill level 5 in Fighting
  1976 | D:3      | Reached skill level 6 in Axes
  1976 | D:3      | Reached XP level 5. HP: 26/48 MP: 4/4
  2053 | D:3      | XOM: give mutations
  2053 | D:3      | Gained mutation: You sometimes lose the ability to read
                  | scrolls when taking damage. [Xom's mischief]
  2053 | D:3      | Gained mutation: You occasionally shout uncontrollably at
                  | your foes. [Xom's mischief]
  2200 | D:3      | Found a white marble altar of Elyvilon.
  2360 | D:3      | Found Munk's Jewellery Shop.
  2763 | D:4      | Reached skill level 7 in Axes
  2763 | D:4      | Reached XP level 6. HP: 54/56 MP: 5/5
  2843 | D:4      | XOM: 2-stop teleportation journey
  3002 | D:4      | XOM: torment (30/57 hp)
  3038 | D:4      | XOM: summons 2 hostile shadow creatures
  3177 | D:4      | XOM: 1-stop teleportation journey
  3306 | D:4      | XOM: cloud trail
  3312 | D:4      | Reached skill level 8 in Axes
  3322 | D:4      | Reached XP level 7. HP: 14/63 MP: 6/6
  3589 | D:4      | XOM: 3-stop teleportation journey
  3604 | D:4      | Found Suti Mim's General Store.
  3954 | D:4      | HP: 1/64 [gnoll/+0 flail (6)]
  3954 | D:4      | Slain by a gnoll

Illustrated notes

Levels and vault maps discovered:
D:1:      arrival_zaba_pyramid, layout_rooms, minmay_fountain_box,
          minmay_octomino_c4
D:2:      layout_basic, chequers_garden
D:3:      layout_basic, elyvilon_altar_1, minitemple, serial_shops,
          nicolae_shop_waterfront, grunt_ministairs_6
D:4:      layout_basic, serial_shops, shop

Skill      XL: |  1  2  3  4  5  6 |
---------------+-------------------+-----
Axes           | 4 5 6 7 8 |  8.4
Fighting       | 4 5 6 |  6.4
Armour         | |  2.4
Dodging        | |  1.1

Action                   |  1- 3 |  4- 6 |  7- 9 || total
-------------------------+-------+-------+-------++-------
Melee: Hand axe          |    75 |   151 |    15 ||   241
       Headbutt          |     7 |    21 |     4 ||    32
 Stab: Petrified         |     4 |     2 |       ||     6
Armor: Leather armour    |    22 |    48 |     5 ||    75
Dodge: Dodged            |    42 |    62 |     9 ||   113

Table legend: (Time is in decaauts)
 A = Elapsed time spent in this place.
 B = Non-inter-level travel time spent in this place.
 C = Inter-level travel time spent in this place.
 D = Time resting spent in this place.
 E = Time spent auto-exploring this place.
 F = Levels seen in this place.
 G = Mean time per level.
                   A        B        C        D        E       F      G
               +--------+--------+--------+--------+--------+-----+--------+
         Total |   3951 |   3924 |     27 |    242 |   2792 |   4 |  987.8 |
       Dungeon |   3951 |   3924 |     27 |    242 |   2792 |   4 |  987.8 |
               +--------+--------+--------+--------+--------+-----+--------+

Top non-repeatable levels by time:
     D:4: 1198 daAuts
     D:2: 1007 daAuts
     D:3: 915 daAuts
     D:1: 831 daAuts
